 Dungeon Crawl Stone Soup version 0.32-a0-12-g7fc57aa741 (webtiles) character file.

Game seed: 11372904799573083084

2616 PriceMaster the Trooper (level 9, -1/23 HPs)
             Began as a Minotaur Berserker on Jan 15, 2024.
             Was a Priest of Trog.
             Slain by a water moccasin (6 damage)
             ... on level 6 of the Dungeon.
             The game lasted 00:09:07 (4981 turns).

PriceMaster the Trooper (Minotaur Berserker)        Turns: 4981, Time: 00:09:07

Health: -1/23      AC:  4    Str: 26    XL:     9   Next: 34%
Magic:  8/8        EV: 17    Int:  6    God:    Trog [***...]
Gold:   162        SH:  0    Dex: 10    Spells: 8/8 levels left

rFire   . . .        p - melded +11 hammer "Toojyimio" {heavy, +Blink Stlth+}
rCold   . . .        (shield currently unavailable)
rNeg    . . .        g - melded +1 leather armour
rPois   .            (helmet restricted)
rElec   .            o - +1 cloak
rCorr   .            h - +0 pair of gloves
SInv    .            z - +0 pair of boots
Will    +....        n - amulet "Riur" {Acrobat Int+2}
Stlth   +            f - ring of willpower
HPRegen 0.23/turn    (no ring)
MPRegen 0.11/turn

%: acrobat
@: flux-form, glowing
A: glow, contaminating, reduced hp, horns 2, retaliatory headbutt
a: Begin Untransformation, Renounce Religion, Berserk, Trog's Hand


You were on level 6 of the Dungeon.
You worshipped Trog.
Trog was most pleased with you.
You were something dangerously unstable.
You visited 1 branch of the dungeon, and saw 6 of its levels.

You collected 352 gold pieces.
You spent 190 gold pieces at shops.

Inventory:

Hand Weapons
 a - a +0 spear
 k - the +7 hand axe "Mebbiw" {protect, Str+3 Dex-2 SInv Stlth+}
   (You found it on level 3 of the Dungeon)

   Str+3:     It affects your strength (+3).
   Dex-2:     It affects your dexterity (-2).
   SInv:      It lets you see invisible.
   Stlth+:    It makes you more stealthy.
 p - the +11 hammer "Toojyimio" (melded) {heavy, +Blink Stlth+}
   (You found it on level 3 of the Dungeon)

   +Blink:    It lets you blink.
   Stlth+:    It makes you more stealthy.
Armour
 b - a +0 animal skin
 g - a +1 leather armour (melded)
 h - a +0 pair of gloves (worn)
 o - a +1 cloak (worn)
 z - a +0 pair of boots (worn)
Jewellery
 f - a ring of willpower (left hand)
 n - the amulet "Riur" (around neck) {Acrobat Int+2}
   (You found it on level 3 of the Dungeon)

   [amulet of the acrobat]

   Acrobat:   It increases your evasion while moving and waiting.
   Int+2:     It affects your intelligence (+2).
Talismans
 i - a flux talisman (active)
Wands
 q - a wand of light (12)
 x - a wand of flame (31)
Scrolls
 d - a scroll of noise {unknown}
 m - 7 scrolls of identify
 s - a scroll of brand weapon {unknown}
 t - 2 scrolls of blinking
 u - 2 scrolls of enchant weapon
 w - a scroll of amnesia {unknown}
 y - a scroll of silence {unknown}
Potions
 c - a potion of cancellation {unknown}
 e - a potion of haste {unknown}
 l - a potion of magic {unknown}
 r - a potion of mutation {unknown}
 v - a potion of curing {unknown}


   Skills:
 + Level 6.9 Fighting
 + Level 6.8(9.0) Axes
 + Level 6.9(8.2) Maces & Flails
 + Level 5.4(7.0) Polearms
 + Level 4.9 Armour
 + Level 5.1 Dodging
 + Level 4.4 Stealth


You had 8 spell levels left.
You didn't know any spells.
Your spell library was empty.

Dungeon Overview and Level Annotations

Branches:
Dungeon (6/15)
 Temple: D:4-7

Altars:
Trog

Shops:
D:5 :[?


Innate Abilities, Weirdness & Mutations

You are something dangerously unstable.
You glow with magical radiation, making you easy to see and hit.
Foes you strike become dangerously contaminated with magical radiation.
Your maximum health is decreased, since you lack skill for your form.
You are incapable of wielding weapons or throwing items.
You have a pair of horns on your head.
You reflexively headbutt those who attack you in melee.


Message History

There are no items here.
Okay, then.
Okay, then.
You recover from your berserk rage.
m - 7 scrolls of identify (gained 1)
You see here a flux talisman.
i - a flux talisman
Press: ? - help, v - describe, . - travel The floor.
You begin transforming.
You continue transforming. x3
You turn into something dangerously unstable.
The +11 hammer "Toojyimio" {heavy, +Blink Stlth+} melds into your body.
Your +1 leather armour melds into your body.
A water moccasin comes into view.
The water moccasin moves out of view.
A water moccasin is nearby!
A water moccasin is nearby!
Found 11 gold pieces and a scroll labelled HEREKHL TAOZE.
The water moccasin hisses angrily.
You closely miss the water moccasin. The water moccasin closely misses you.
The water moccasin bites you.
You hit the water moccasin but do no damage.
The water moccasin begins to glow.
You headbutt the water moccasin!
The water moccasin is moderately wounded.
The water moccasin bites you.
You hit the water moccasin but do no damage.
The water moccasin glows dangerously bright.
You headbutt the water moccasin.
The water moccasin is moderately wounded.
The water moccasin closely misses you. x2
You barely miss the water moccasin.
The centaur shouts!
You headbutt the water moccasin, but do no damage.
The water moccasin is moderately wounded.
The centaur wields a +1 shortbow of flaming.
It bursts into flame!
The centaur shoots an arrow.
The arrow hits you! The arrow burns you.
* * * LOW HITPOINT WARNING * * *
The water moccasin bites you.
You die...

#..#.........#.....
..........#......#.#... ..
.........#......._.... ##..
#..........#....#.#...
#...##..........#........#.
#?............÷.#........#.
...$..................##...
#....................##..#.
##........pS.........#..##.
#...#............[......###
. #....##............†..####
. ...##.##............††##
.......#......##...#.......#
.............###...##.....##
.............##...##.c....#
.##.....###...#...#.......#
.......# ##....###.......#


You could see a water moccasin (heavy contam) and a centaur.

Vanquished Creatures
  Pikel (D:4)
  5 yaks (D:6)
  Menkaure (D:6)
  Duvessa (D:6)
  3 black bears
  3 ogres
  3 lemures (D:4)
  3 scorpions
  Dowan (D:6)
  2 bombardier beetles
  A howler monkey (D:6)
  An electric eel (D:6)
  A gnoll bouda (D:4)
  2 hounds
  Crazy Yiuf (D:3)
  Terence (D:3)
  An iguana (D:6)
  Robin (D:4)
  5 gnolls
  6 adders
  A white imp (D:5)
  2 ribbon worms
  4 dart slugs
  3 orcs
  2 bats
  6 endoplasms
  6 giant cockroaches
  13 goblins
  11 hobgoblins
  7 jackals
  3 quokkas
  2 ball pythons
  3 frilled lizards
  7 kobolds
  6 rats
119 creatures vanquished.

Notes
Turn   | Place    | Note
-------+----------+-------------------------------------------
     0 | D:1      | PriceMaster the Minotaur Berserker began the quest for the
                  | Orb.
     0 | D:1      | Reached XP level 1. HP: 19/19 MP: 0/0
    88 | D:1      | Reached XP level 2. HP: 27/27 MP: 1/1
   789 | D:2      | Reached XP level 3. HP: 24/34 MP: 2/2
   948 | D:2      | Reached ** piety under Trog
  1587 | D:3      | Identified the +7 hand axe "Mebbiw" {protect, Str+3 Dex-2
                  | SInv Stlth+}
  1620 | D:3      | Reached XP level 4. HP: 40/41 MP: 3/3
  1744 | D:3      | Identified the +2 trident "Tormentor" {flame, Str+2 Int+5}
  1954 | D:3      | Identified the amulet "Riur" {Acrobat Int+2}
  1987 | D:3      | Identified the +4 ring mail of Objectivity {Rampage}
  2012 | D:3      | Found a runed translucent door.
  2012 | D:3      | Noticed Terence
  2015 | D:3      | Killed Terence
  2016 | D:3      | Noticed Crazy Yiuf
  2183 | D:3      | Killed Crazy Yiuf
  2184 | D:3      | Reached skill level 1 in Axes
  2184 | D:3      | Reached skill level 5 in Polearms
  2184 | D:3      | Reached skill level 1 in Stealth
  2184 | D:3      | Reached XP level 5. HP: 47/47 MP: 4/4
  2197 | D:3      | Identified the +11 hammer "Toojyimio" {heavy, +Blink
                  | Stlth+}
  2348 | D:4      | Noticed a lemure
  2351 | D:4      | Noticed a lemure
  2352 | D:4      | Noticed a lemure
  2352 | D:4      | Noticed Pikel
  2354 | D:4      | Noticed a lemure
  2359 | D:4      | Killed a lemure
  2365 | D:4      | Killed a lemure
  2367 | D:4      | Killed Pikel
  2367 | D:4      | Killed a lemure
  2368 | D:4      | Reached skill level 5 in Fighting
  2368 | D:4      | Reached XP level 6. HP: 56/56 MP: 5/5
  2368 | D:4      | Reached XP level 7. HP: 61/61 MP: 6/6
  2580 | D:4      | Reached skill level 5 in Axes
  2732 | D:4      | Noticed Robin
  2742 | D:4      | Killed Robin
  3238 | D:4      | Reached *** piety under Trog
  3239 | D:4      | Reached skill level 1 in Maces & Flails
  3239 | D:4      | Reached XP level 8. HP: 70/70 MP: 7/7
  3511 | D:5      | Entered Level 5 of the Dungeon
  3511 | D:5      | Found Syiwkod's Magic Scroll Shoppe.
  3511 | D:5      | Found Gaeteun's Antique Armour Shoppe.
  3511 | D:5      | Found Buugu's Book Shoppe.
  3513 | D:5      | Bought a scroll of blinking for 75 gold pieces
  3513 | D:5      | Bought a scroll of identify for 20 gold pieces
  3513 | D:5      | Bought a scroll of identify for 20 gold pieces
  3513 | D:5      | Bought a scroll of enchant weapon for 75 gold pieces
  4575 | D:6      | Found a bloodstained altar of Trog.
  4576 | D:6      | Noticed Menkaure
  4581 | D:6      | Killed Menkaure
  4663 | D:6      | Reached skill level 5 in Maces & Flails
  4670 | D:6      | Reached XP level 9. HP: 69/78 MP: 8/8
  4678 | D:6      | Reached skill level 5 in Dodging
  4906 | D:6      | Noticed Duvessa
  4908 | D:6      | Noticed Dowan
  4911 | D:6      | Killed Dowan
  4919 | D:6      | Killed Duvessa
  4981 | D:6      | Slain by a water moccasin

Illustrated notes

Levels and vault maps discovered:
D:1:      dpeg_arrival_three_smaller_balls, layout_basic
D:2:      layout_loops_ring
D:3:      layout_rooms, kennysheep_nondescript, uniq_crazy_yiuf_cottage,
          uniq_terence
D:4:      layout_layer_cave, minmay_strange_pillars, nicolae_underground_beach,
          uniq_robin, uniq_pikel
D:5:      layout_gridville, minmay_misc_feat_cross, serial_park_tiny_2,
          nicolae_shop_distant_corner_stores, kennysheep_cross_room,
          minmay_misc_feat_alley, serial_bayou_lagoon_a,
          nicolae_houndstooth_variations
D:6:      layout_cave_pools, lemuel_crystal_altar, serial_bayou_pond_b,
          nrook_mini_backslash, uniq_menkaure, uniq_duvessa

Skill      XL: |  1  2  3  4  5  6  7  8  9 |
---------------+----------------------------+-----
Fighting       | 4 5 6 |  6.9
Polearms       | 4 5 |  5.4
Axes           | 1 4 6 |  6.8
Stealth        | 1 2 4 |  4.4
Armour         | 3 4 |  4.9
Dodging        | 3 4 5 |  5.1
Maces & Flails | 1 5 6 |  6.9

Action                     |  1- 3 |  4- 6 |  7- 9 || total
---------------------------+-------+-------+-------++-------
  Melee: Spear             |    92 |       |       ||    92
         Headbutt          |    13 |     5 |    16 ||    34
         Hand axe          |     5 |    39 |    28 ||    72
         Mace              |       |     3 |    65 ||    68
         Punch             |       |       |     2 ||     2
         Unarmed           |       |       |     4 ||     4
 Invoke: Berserk           |     2 |     2 |     8 ||    12
         Trog's Hand       |       |     2 |     5 ||     7
Ability: Evoke Blink       |       |       |     1 ||     1
    Use: Scroll            |     1 |       |       ||     1
         Potion            |       |       |     2 ||     2
   Stab: Sleeping          |     1 |     3 |     5 ||     9
         Distracted        |     1 |     1 |     1 ||     3
 Armour: Animal skin       |    18 |       |       ||    18
         Leather armour    |    12 |    25 |    71 ||   108
         Skin              |       |       |     4 ||     4
  Dodge: Dodged            |    36 |    28 |    81 ||   145
   Form: Flux              |       |       |     1 ||     1

Table legend: (Time is in decaauts)
 A = Elapsed time spent in this place.
 B = Non-inter-level travel time spent in this place.
 C = Inter-level travel time spent in this place.
 D = Time resting spent in this place.
 E = Time spent auto-exploring this place.
 F = Levels seen in this place.
 G = Mean time per level.
                   A        B        C        D        E       F      G
               +--------+--------+--------+--------+--------+-----+--------+
         Total |   5140 |   4671 |    469 |     60 |   3756 |   6 |  856.7 |
       Dungeon |   5140 |   4671 |    469 |     60 |   3756 |   6 |  856.7 |
               +--------+--------+--------+--------+--------+-----+--------+

Top non-repeatable levels by time:
     D:4: 1477 daAuts
     D:5: 948 daAuts
     D:1: 786 daAuts
     D:2: 780 daAuts
     D:3: 691 daAuts
     D:6: 456 daAuts
